 Dungeon Crawl Stone Soup version 0.31-a0-1620-gcbf77bbcfc (webtiles) character file.

Game seed: 13781350386038453662

1943 bmb222 the Sneak (level 8, -11/43 HPs)
             Began as a Felid Shapeshifter on Jan 11, 2024.
             Was an Initiate of Trog.
             Killed from afar by Maggie (14 damage)
             ... with a bolt of dispelling energy
             ... on level 7 of the Dungeon.
             The game lasted 00:09:04 (7788 turns).

bmb222 the Sneak (Felid Shapeshifter)               Turns: 7788, Time: 00:09:05

Health: -11/43     AC:  2    Str: 12    XL:     8   Next: 98%
Magic:  9/9        EV: 20    Int: 15    God:    Trog [......]
Gold:   241        SH:  0    Dex: 13    Spells: 7/7 levels left
                                        Lives:  0   Deaths: 3

rFire   . .          .
                       - Unarmed
rCold   . . .        (shield unavailable)
rNeg    . . .        (body armour unavailable)
rPois   .            (helmet unavailable)
rElec   .            (cloak unavailable)
rCorr   .            (gloves unavailable)
SInv    +            (boots unavailable)
Will    +....        d - amulet of magic regeneration
Stlth   ++++         (no ring)
HPRegen 0.27/turn    (no ring)
MPRegen 0.51/turn

%: no passive effects
@: beast-form
A: beast (slay +3), very small, claws 1, fangs 3, see invisible, shaggy fur 2,
stealthy paws, no weapons or thrown items, no armour, multi-lived, clumsy 1
a: Begin Untransformation, Renounce Religion


You were on level 7 of the Dungeon.
You worshipped Trog.
Trog was noncommittal.
You were a hulking beast.
You visited 2 branches of the dungeon, and saw 8 of its levels.

You collected 241 gold pieces.

Inventory:

Jewellery
 d - an amulet of magic regeneration (around neck)
Talismans
 b - a beast talisman
 c - a flux talisman
Wands
 m - a wand of flame (6)
Scrolls
 e - 2 scrolls of identify
 f - 3 scrolls of teleportation
 h - 2 scrolls of immolation
 j - a scroll of noise
 k - 4 scrolls of enchant armour
 o - a scroll of fog
 p - a scroll of vulnerability
Potions
 a - a potion of lignification
 g - a potion of degeneration
 l - a potion of resistance
 n - a potion of magic


   Skills:
 + Level 5.0 Fighting
 + Level 7.0 Dodging
 - Level 7.6 Stealth
 + Level 5.7 Unarmed Combat
 * Level 5.4 Shapeshifting


You had 7 spell levels left.
You didn't know any spells.
Your spell library contained the following spells:

 Spells                   Type           Power      Damage    Failure   Level
 Freeze                   Ice            0%         1d3       26%         1
 Call Imp                 Summ           0%         N/A       38%         2
 Sublimation of Blood     Necr           0%         N/A       38%         2
 Frozen Ramparts          Ice            0%         1d1       63%         3
 Hailstorm                Conj/Ice       0%         3d5       63%         3
 Inner Flame              Hex/Fire       0%         N/A       63%         3
 Flame Wave               Conj/Fire      0%         2d4       95%         4
 Sticky Flame             Fire/Alch      0%         2d4       95%         4
 Summon Hydra             Summ           0%         N/A       100%        7


Dungeon Overview and Level Annotations

Branches:
Dungeon (7/15)             Temple (1/1) D:6

Altars:
Cheibriados
Dithmenos
Elyvilon
Fedhas
Gozag
Kikubaaqudgha
Makhleb
Okawaru
Ru
Sif Muna
Trog
Uskayaw
Xom
Zin
The Shining One

Annotations:
D:6 Prince Ribbit
D:7 Maggie


Innate Abilities, Weirdness & Mutations

You are a hulking beast.
Your limbs bulge with bestial killing power. (Slay +3)
You have sharp claws.
You have razor-sharp teeth.
You have supernaturally acute eyesight. (SInv)
You are covered in thick fur. (AC +2)
Your paws help you pounce on unaware monsters.
You are incapable of wielding weapons or throwing items.
You cannot wear armour.
You gain extra lives every three experience levels.
You are clumsy. (Dex -2)


Message History

Maggie zaps a wand.
The bolt of dispelling energy hits you!
Your magical effects are unravelling.
You barely miss Maggie. You bite Maggie.
Maggie is lightly wounded.
You feel yourself slow down.
You scratch Maggie.
Maggie is lightly wounded.
Maggie zaps a wand.
The bolt of dispelling energy misses you.
You barely miss Maggie.
Maggie is lightly wounded.
Maggie closely misses you.
You scratch Maggie.
Maggie is moderately wounded.
Maggie closely misses you.
You scratch Maggie.
Maggie is moderately wounded.
Maggie hits you with a +0 glaive of flaming.
Maggie burns you.
You closely miss Maggie.
Maggie is moderately wounded.
Maggie zaps a wand.
The bolt of dispelling energy misses you.
You closely miss Maggie. You bite Maggie.
Maggie is moderately wounded.
Maggie zaps a wand.
The bolt of dispelling energy misses you.
You claw Maggie!
Maggie is heavily wounded.
Maggie zaps a wand.
The bolt of dispelling energy misses you.
You barely miss Maggie. You bite Maggie.
Maggie is heavily wounded.
Maggie zaps a wand.
The bolt of dispelling energy hits you!!
* * * LOW HITPOINT WARNING * * *
You scratch Maggie.
Maggie is severely wounded.
Maggie zaps a wand.
The bolt of dispelling energy hits you!
You die...

############
#...<.......#
#.#########.# # #.#
###$# .. #.###
#...###.# #.#.##
#.#......
#..#.####....#
#......###...@h...#
#.####..#..####..##
#.#.#$# #..#
#.#.#.# #..# ...
... ...# #.# #..
...# #.. .....#..#
. ...@#...#
..##....#


You could see Maggie.

Vanquished Creatures
  Edmund (D:6)
  2 water moccasins (D:6)
  3 ogres
  A centaur (D:5)
  3 phantoms (D:5)
  A kobold brigand (D:5)
  2 bullfrogs
  3 scorpions
  A howler monkey (D:4)
  2 jellies (D:5)
  A bombardier beetle (D:5)
  2 hounds (D:5)
  2 sleepcaps
  3 iguanas
  4 orc wizards
  Terence (D:2)
  12 adders
  A shadow imp (D:6)
  2 ufetubi (D:6)
  4 dart slugs
  4 ribbon worms
  19 orcs
  An endoplasm (D:4)
  5 giant cockroaches
  5 goblins
  3 hobgoblins
  4 jackals (D:5)
  2 quokkas (D:2)
  2 ball pythons
  5 bats
  A frilled lizard (D:3)
  6 kobolds
  2 rats (D:1)
110 creatures vanquished.

Notes
Turn   | Place    | Note
-------+----------+-------------------------------------------
     0 | D:1      | bmb222 the Felid Shapeshifter began the quest for the Orb.
     0 | D:1      | Reached XP level 1. HP: 10/10 MP: 2/2
   236 | D:1      | Found a faded altar of an unknown god.
   287 | D:1      | Reached XP level 2. HP: 12/14 MP: 3/3
   328 | D:1      | Reached skill level 1 in Stealth
  1051 | D:2      | Reached XP level 3. HP: 18/18 MP: 4/4
  1184 | D:2      | Noticed Terence
  1205 | D:2      | Killed Terence
  1266 | D:2      | Reached XP level 4. HP: 21/23 MP: 5/5
  1266 | D:2      | Gained a life (2 lives remaining)
  2923 | D:4      | Reached XP level 5. HP: 26/26 MP: 6/6
  3134 | D:4      | Noticed an ogre
  3141 | D:4      | Killed an ogre
  3680 | D:4      | Found a blossoming altar of Fedhas.
  3715 | D:4      | Found a shimmering blue altar of Sif Muna.
  3804 | D:5      | Entered Level 5 of the Dungeon
  3849 | D:5      | Gained mutation: You are covered in thick fur. (AC +2)
                  | [Felid growth]
  3849 | D:5      | Reached XP level 6. HP: 9/32 MP: 7/7
  3991 | D:5      | Slain by a phantom
  3991 | D:5      | Lost a life (1 life remaining)
  4250 | D:5      | Reached skill level 5 in Stealth
  4337 | D:5      | Reached XP level 7. HP: 20/36 MP: 8/8
  4337 | D:5      | Gained a life (2 lives remaining)
  4460 | D:5      | Reached skill level 5 in Dodging
  5032 | D:5      | Gained mutation: You are clumsy. (Dex -2) [potion of
                  | mutation]
  5727 | D:5      | Reached XP level 8. HP: 42/42 MP: 9/9
  6163 | D:5      | Found a burning altar of Makhleb.
  6163 | D:5      | Noticed an Executioner
  6217 | D:5      | Reached skill level 5 in Unarmed Combat
  6403 | D:6      | Found a staircase to the Ecumenical Temple.
  6840 | Temple   | Entered the Ecumenical Temple
  7024 | Temple   | Became a worshipper of Trog the Wrathful
  7095 | D:6      | Reached skill level 5 in Shapeshifting
  7385 | D:6      | Found a sacrificial altar of Ru.
  7386 | D:6      | Noticed Edmund
  7396 | D:6      | Killed Edmund
  7557 | D:6      | Mangled by an orc warrior
  7557 | D:6      | Lost a life (1 life remaining)
  7742 | D:6      | Noticed Prince Ribbit
  7746 | D:6      | Slain by Prince Ribbit
  7746 | D:6      | Lost a life (0 lives remaining)
  7765 | D:7      | Noticed Maggie
  7773 | D:7      | Reached skill level 5 in Fighting
  7788 | D:7      | Killed from afar by Maggie

Illustrated notes

Levels and vault maps discovered:
D:1:      minmay_arrival_floating_metal, layout_basic,
          shapermc_ecumenical_altar_totnotflames
D:2:      layout_basic, uniq_terence
D:3:      layout_basic
D:4:      layout_loops_cross, mainiacjoe_overflow_alcove_2,
          mainiacjoe_overflow_alcove_1,
          hangedman_abyss_or_decor_jellyfish_corner, minmay_crystal_room,
          grunt_ministairs_6
D:5:      minmay_thinvault, layout_basic, makhleb_altar_promises_db
D:6:      layout_loops_cross, lemuel_coloured_pillars_altar,
          nicolae_ru_sacrificial_ziggurat, minmay_temple_entry_water_ring,
          serial_park_tiny_pond, hangedman_decor_peaks_small,
          uniq_prince_ribbit1, uniq_edmund
D:7:      wad_guarded_room, layout_loops_ring,
          mainiacjoe_overflow_small_starburst,
          mainiacjoe_overflow_catwalk_spiral, serial_shops, shop,
          minmay_misc_feat_x, uniq_maggie
Temple:   jpeg_temple_clearing

Skill      XL: |  1  2  3  4  5  6  7  8 |
---------------+-------------------------+-----
Stealth        | 1 2 3 4 5 7 |  7.6
Dodging        | 3 4 5 7 |  7.0
Shapeshifting  | 3 4 5 |  5.4
Fighting       | 2 3 5 |  5.0
Unarmed Combat | 4 5 |  5.7

Action                     |  1- 3 |  4- 6 |  7- 9 || total
---------------------------+-------+-------+-------++-------
  Melee: Unarmed           |    73 |   137 |   217 ||   427
         Bite              |     8 |    20 |    18 ||    46
         Punch             |     2 |     5 |     4 ||    11
  Evoke: Wand              |       |     3 |     4 ||     7
    Use: Potion            |     1 |       |    15 ||    16
         Scroll            |       |     7 |     4 ||    11
   Stab: Sleeping          |     2 |     8 |     9 ||    19
         Distracted        |       |     1 |     1 ||     2
         Paralysed         |       |     2 |     3 ||     5
         Invisible         |       |       |     1 ||     1
 Armour: Skin              |    14 |    38 |   162 ||   214
  Dodge: Dodged            |    66 |    91 |   148 ||   305

Table legend: (Time is in decaauts)
 A = Elapsed time spent in this place.
 B = Non-inter-level travel time spent in this place.
 C = Inter-level travel time spent in this place.
 D = Time resting spent in this place.
 E = Time spent auto-exploring this place.
 F = Levels seen in this place.
 G = Mean time per level.
                   A        B        C        D        E       F      G
               +--------+--------+--------+--------+--------+-----+--------+
         Total |   7766 |   7599 |    167 |   2116 |   4291 |   8 |  970.8 |
       Dungeon |   7572 |   7405 |    167 |   1958 |   4291 |   7 | 1081.7 |
        Temple |    194 |    194 |      0 |    158 |      0 |   1 |  194.0 |
               +--------+--------+--------+--------+--------+-----+--------+

Top non-repeatable levels by time:
     D:5: 2578 daAuts
     D:6: 1149 daAuts
     D:2: 1042 daAuts
     D:1: 1026 daAuts
     D:4: 880 daAuts
     D:3: 862 daAuts
  Temple: 194 daAuts
     D:7: 33 daAuts
